 Dungeon Crawl Stone Soup version 0.31-a0-977-gc230f8ef24 (webtiles) character file.

Game seed: 9622626332424197085

37 olourkin the Grasshopper (level 3, 0/31 HPs)
             Began as an Armataur Warper on Oct 30, 2023.
             Slain by Terence
             ... wielding a +0 flail
              (2 damage)
             ... on level 2 of the Dungeon.
             The game lasted 00:05:26 (1316 turns).

olourkin the Grasshopper (Armataur Warper)          Turns: 1316, Time: 00:05:27

Health: 0/31       AC:  4    Str: 18    XL:     3   Next: 23%
Magic:  5/5        EV:  9    Int: 13    God:
Gold:   41         SH:  0    Dex:  9    Spells: 5/5 levels left

rFire   . . .        a - +0 mace
rCold   . . .        (no shield)
rNeg    . . .        b - +0 leather armour
rPois   .            (no helmet)
rElec   .            (no cloak)
rCorr   .            (no gloves)
SInv    .            (no barding)
Will    .....        (no amulet)
Stlth   +            (no ring)
HPRegen 0.25/turn    (no ring)
MPRegen 0.09/turn

%: roll
@: no status effects
A: large, rugged brown scales 3, deformed body, armoured tail, roll, long
tongue, awkward tongue
a: no special abilities


You were on level 2 of the Dungeon.
You visited 1 branch of the dungeon, and saw 2 of its levels.

You collected 41 gold pieces.

Inventory:

Hand Weapons
 a - a +0 mace (weapon)
Missiles
 d - 7 darts of dispersal
 f - 9 stones (quivered)
Armour
 b - a +0 leather armour (worn)
Jewellery
 h - a ring of see invisible
Scrolls
 c - a scroll of blinking
 g - a scroll of identify {unknown}
 i - a scroll of enchant weapon {unknown}
 j - a scroll of enchant armour {unknown}
 k - a scroll of poison {unknown}
Potions
 e - a potion of degeneration {unknown}


   Skills:
 - Level 2.0 Fighting
 + Level 2.9 Maces & Flails
 - Level 1.0 Throwing
 - Level 1.4 Armour
 - Level 1.5 Dodging
 - Level 1.8 Spellcasting
 - Level 3.0 Translocations


You had 5 spell levels left.
You didn't know any spells.
Your spell library contained the following spells:

 Spells                   Type           Power      Damage    Failure   Level
 Blink                    Tloc           18%        N/A       13%         2
 Lesser Beckoning         Tloc           18%        N/A       13%         2
 Teleport Other           Tloc           9%         N/A       26%         3
 Manifold Assault         Tloc           9%         N/A       65%         4
 Vhi's Electric Charge    Tloc/Air       10%        N/A       86%         4


Dungeon Overview and Level Annotations

Branches:
Dungeon (2/15)

Altars:

Annotations:
D:2 Terence


Innate Abilities, Weirdness & Mutations

You are completely covered in rugged brown scales. (AC +3, +7% HP)
Armour fits poorly on your strangely shaped body.
You have a long armoured tail.
You roll when moving toward enemies. (Rampage)
Your long tongue fully drains potion bottles. (2x potion effects)
Your tongue gives you trouble enunciating. (1.5x scroll delay)


Message History

Terence hits you with a +0 flail!
* * * LOW HITPOINT WARNING * * *
Blink to where?
Press: ? - help, Dir - move target As you slowly read the scroll of blinking, it crumbles to dust.
Terence attacks as he pursues you! Terence closely misses you.
Terence attacks as he pursues you! Terence hits you with a +0 flail.
* * * LOW HITPOINT WARNING * * *
Okay, then.
Okay, then.
You don't know any spells.
Okay, then.
You closely miss Terence.
Terence is lightly wounded.
Terence barely misses you.
You barely miss Terence.
Terence is lightly wounded.
Terence closely misses you. x2
You hit Terence but do no damage.
Terence is lightly wounded.
Terence closely misses you.
You barely miss Terence.
Terence is lightly wounded.
Terence barely misses you.
You hit Terence but do no damage.
Your tail-slap misses Terence.
Terence is lightly wounded.
Terence barely misses you.
You barely miss Terence.
Terence is lightly wounded.
Terence hits you with a +0 flail!
* * * LOW HITPOINT WARNING * * *
Terence hits you with a +0 flail.
* * * LOW HITPOINT WARNING * * *
You hit Terence.
Terence is moderately wounded.
Terence completely misses you.
You hit Terence but do no damage.
Terence is moderately wounded.
Terence hits you with a +0 flail.
You die...

#.####.#.......######
#.. ###.#.......# #.#
#...#.......###### ..
#.###.......##....
### #.#
#.......##.### #.#
#.......##.# #.#
##########.# #@# #.#
####@########## #.#
#.............# #.#
#.##.##..####.# #.#
#.##.....####.###.#
#.#####...........#
#.#####..####.#####
#........####.#
########......#
########


You could see Terence.

Vanquished Creatures
  An adder (D:2)
  A dart slug (D:2)
  2 ball pythons (D:1)
  4 bats (D:1)
  An endoplasm (D:1)
  2 giant cockroaches (D:1)
  3 goblins (D:1)
  2 hobgoblins
  3 quokkas (D:1)
  4 kobolds
  A rat (D:2)
24 creatures vanquished.

Notes
Turn   | Place    | Note
-------+----------+-------------------------------------------
     0 | D:1      | olourkin the Armataur Warper began the quest for the Orb.
     0 | D:1      | Reached XP level 1. HP: 18/18 MP: 3/3
    82 | D:1      | Reached skill level 1 in Throwing
    98 | D:1      | Found a faded altar of an unknown god.
   134 | D:1      | Reached XP level 2. HP: 25/25 MP: 4/4
  1136 | D:2      | Reached XP level 3. HP: 12/31 MP: 5/5
  1287 | D:2      | Noticed Terence
  1316 | D:2      | Slain by Terence

Illustrated notes

Levels and vault maps discovered:
D:1:      dpeg_arrival_ternary, layout_basic,
          chequers_ecumenical_altar_simple_redux
D:2:      layout_loops_cross, kennysheep_donut, uniq_jessica, uniq_robin,
          uniq_terence

Skill      XL: |  1  2 |
---------------+-------+-----
Throwing       | 1 |  1.0
Fighting       | 2 |  2.0
Maces & Flails | 2 |  2.9
Armour         | |  1.4
Dodging        | |  1.5
Spellcasting   | |  1.8
Translocations | |  3.0

Action                     || total
---------------------------++-------
  Melee: Mace              ||    85
         Tailslap          ||     8
         Punch             ||     1
  Throw: Stone             ||     4
    Use: Potion            ||     1
         Scroll            ||     1
 Armour: Leather armour    ||    75
  Dodge: Dodged            ||    57

Table legend: (Time is in decaauts)
 A = Elapsed time spent in this place.
 B = Non-inter-level travel time spent in this place.
 C = Inter-level travel time spent in this place.
 D = Time resting spent in this place.
 E = Time spent auto-exploring this place.
 F = Levels seen in this place.
 G = Mean time per level.
                   A        B        C        D        E       F      G
               +--------+--------+--------+--------+--------+-----+--------+
         Total |   1340 |   1305 |     35 |    206 |    859 |   2 |  670.0 |
       Dungeon |   1340 |   1305 |     35 |    206 |    859 |   2 |  670.0 |
               +--------+--------+--------+--------+--------+-----+--------+

Top non-repeatable levels by time:
     D:1: 1030 daAuts
     D:2: 309 daAuts
